Map: Whispers of Gold

Players

whysopiggy

  • Race: Zerg Zerg
  • League: Silver
  • Spawn Location: 5:00

llllllllllll - Winner!

  • Race: Zerg Zerg
  • League: Bronze
  • Spawn Location: 9:00

VOD

Have the link to the VOD?

Description

Time

  • Played on: April 24, 2025, 8:14 a.m.
  • Length: 3:42
Show
View Real Time Build Order
Export as new Build Order

whysopiggy Zerg 

Build Orders: Pool First 

Get SALT Encoding   

  12  0:46  Drone  
  12  0:48  Drone  
  12  0:49  Overlord  
  14  0:57  Spawning Pool  
  14  1:03  Extractor  
  12  1:06  Extractor  
  12  1:11  Evolution Chamber  
  10  1:12  Drone  
  10  1:13  Drone  
  12  1:22  Drone  
  13  1:39  Hatchery  
  12  1:40  Drone  
  12  1:41  Drone  
  14  1:57  Drone  
  15  2:05  Queen  
  17  2:09  Zergling x2  
Show
View Real Time Build Order
Export as new Build Order

llllllllllll Zerg - Winner!

Build Orders: Pool First 

Get SALT Encoding   

  12  0:01  Drone  
  13  0:08  Drone  
  14  0:15  Extractor  
  13  0:30  Spawning Pool  
  13  0:35  Drone  
  13  0:47  Overlord  
  13  1:17  Zergling x6, Metabolic Boost  
  16  1:28  Zergling x2  
  17  1:40  Zergling x2  
  18  1:50  Zergling x2  
  19  2:02  Zergling x2  
  19  2:04  Hatchery  
  19  2:11  Zergling x2  
  20  2:23  Zergling x2  
  21  2:40  Zergling x2  
  22  2:47  Overlord  
  21  3:07  Zergling x4  
  23  3:15  Zergling x2  
  23  3:19  Zergling x2  
Tags
 
Add a new tag
Caveats
  • Supply blocks, unpowered buildings, or Contaminate may cause inaccurate times.
  • Supply counts are checked every 10 seconds.